 Dungeon Crawl Stone Soup version 0.15.0-14-g6bbbb5c (webtiles) character file.

131 Kex the Chopper (level 4, -2/61 HPs)
             Began as a Minotaur Berserker on Sept 5, 2014.
             Was a Believer of Trog.
             Killed by divine providence
             ... invoked by an orc priest
              (16 damage)
             ... on Level 3 of the Dungeon.
             The game lasted 00:07:13 (1778 turns).

Kex the Chopper (Minotaur Berserker)                Turns: 1778, Time: 00:07:13

HP  -2/61        AC  8     Str 26      XL: 4   Next: 91%
MP   2/2         EV  5     Int  4      God: Trog [**....]
Gold 116         SH  8     Dex 11      Spells:  0 memorised,  3 levels left

rFire  . . .     SeeInvis .     a - +0 hand axe
rCold  . . .     Clarity  .     f - +0 chain mail
rNeg   . . .     rCorr    .     m - +0 shield
rPois  .         rRot     .     (helmet restricted)
rElec  .         Spirit   .     (no cloak)
SustAb .         Warding  .     (no gloves)
rMut   .         Stasis   .     (no boots)
Gourm  .                        (no amulet)
MR     .....                    (no ring)
                                (no ring)

@: berserking, very quick, not resistant to hostile enchantments, extremely
unstealthy
A: retaliatory headbutt, horns 2
a: Burn Spellbooks, Berserk, Trog's Hand, Renounce Religion


You were on level 3 of the Dungeon.
You worshipped Trog.
Trog was pleased with you.
You were not hungry.

You visited 1 branch of the dungeon, and saw 3 of its levels.

You collected 116 gold pieces.

Inventory:

Hand weapons
 a - a +0 hand axe (weapon)
 i - a +1 dagger of protection
Armour
 b - a +0 animal skin
 f - a +0 chain mail (worn)
 m - a +0 shield (worn)
Magical devices
 l - a wand of random effects (22) {unknown}
Comestibles
 c - 3 bread rations
 h - 3 meat rations
 j - 2 slices of pizza
 k - a beef jerky
 s - a rotting chunk of worm flesh
Scrolls
 d - 6 scrolls of remove curse {unknown}
 e - 2 scrolls of teleportation {unknown}
 g - a scroll of blinking {unknown}
 n - 2 scrolls of identify {unknown}
 q - 2 scrolls of magic mapping {unknown}
 r - a scroll of recharging {unknown}
 t - a scroll of amnesia {unknown}
Potions
 o - a potion of haste {unknown}
 p - a potion of curing {unknown}


   Skills:
 + Level 4.7 Fighting
 + Level 5.1 Axes
 + Level 2.7 Armour
 + Level 3.3 Dodging
 + Level 0.1 Stealth
 + Level 0.2 Shields


You had 3 spell levels left.
You didn't know any spells.

Dungeon Overview and Level Annotations

Branches:
Dungeon (3/15)

Altars:
Sif Muna


Innate Abilities, Weirdness & Mutations

You reflexively headbutt those who attack you in melee.
You have a pair of horns on your head.


Message History

The orc priest invokes the aid of Beogh against you.
Pain shoots through your body!
You hit the orc but do no damage. The orc barely misses you.
You barely miss the orc.
The orc priest mumbles some strange prayers to Beogh.
You feel a wave of unholy energy pass over you.
You block the orc's attack.
The orc priest's eyes start to glow.
The orc priest mumbles some strange prayers to Beogh against you.
Something smites you!
* * * LOW HITPOINT WARNING * * *
Use which ability? (? or * to list)
A red film seems to cover your vision as you go berserk!
You feel yourself moving faster!
You feel mighty!
You feel somewhat more hungry. The orc hits you but does no damage.
You hit the orc.
The orc is moderately wounded.
The orc priest calls down the wrath of Beogh upon you.
Something smites you!
You die...

### .... ######## .....
###......##.......
.........oSo......
##.....@##.......
#.###......##......
.........### ......
#.######.#### .....
............# #.## #
#.######.##.###.####.....
.........................
########.###.##.####.#.##
#.###.##.#


You could see an orc priest, an adder and an orc.

Vanquished Creatures
  Ijyb (D:2)
  Jessica (D:2)
  2 adders (D:2)
  A giant mite (D:3)
  2 worms (D:2)
  2 oozes (D:2)
  An orc (D:3)
  9 bats
  6 hobgoblins
  3 quokkas (D:2)
  A ball python (D:2)
  4 giant cockroaches
  3 giant newts
  10 goblins
  5 jackals
  4 kobolds
  5 rats
60 creatures vanquished.

Notes
Turn   | Place    | Note
--------------------------------------------------------------
     0 | D:1      | Kex, the Minotaur Berserker, began the quest for the Orb.
     0 | D:1      | Reached XP level 1. HP: 19/19 MP: 1/1
    93 | D:1      | Reached XP level 2. HP: 25/27 MP: 1/1
   129 | D:1      | Reached skill level 4 in Fighting
   194 | D:1      | Acquired Trog's second power
   895 | D:2      | Noticed Jessica
   900 | D:2      | Killed Jessica
   900 | D:2      | Reached XP level 3. HP: 33/33 MP: 2/2
  1083 | D:2      | Noticed Ijyb
  1096 | D:2      | Killed Ijyb
  1140 | D:2      | Reached XP level 4. HP: 39/41 MP: 2/2
  1359 | D:2      | Reached skill level 5 in Axes
  1517 | D:2      | Found a deep blue altar of Sif Muna.
  1778 | D:3      | Killed from afar by an orc priest

Action                   |  1- 3 |  4- 6 || total
-------------------------+-------+-------++-------
Melee: Hand axe          |    74 |    59 ||   133
Invok: Berserk           |     1 |     1 ||     2
  Eat: Chunk             |     1 |     3 ||     4
